 Dungeon Crawl Stone Soup version 0.32-a0-872-g59262bdc9b (webtiles) character file.

Game seed: 16424089545355514874

1869 smashvw the Thaumaturge (level 9, -7/55 HPs)
             Began as a Djinni Air Elementalist on Mar 30, 2024.
             Shot with a bolt by an orc (11 damage)
             ... in a bailey.
             The game lasted 00:14:30 (5639 turns).

smashvw the Thaumaturge (Djinni Air Elementalist)   Turns: 5639, Time: 00:14:31

Health: -7/55      AC:  4    Str:  7    XL:     9   Next: 35%
Gold:   392        EV: 11    Int: 22    God:
                   SH:  0    Dex: 13

rFire   + + .        (no weapon)
rCold   x . .        (no shield)
rNeg    . . .        a - +0 robe
rPois   ∞            c - +0 helmet
rElec   .            w - +0 cloak
rCorr   +            (no gloves)
SInv    .            (boots unavailable)
Will    .....        (no amulet)
Stlth   ++           d - ring of resist corrosion
HPRegen 0.29/turn    (no ring)
MPRegen 0.00/turn

%: infuse magic (-8 HP)
@: flying
A: sickness immunity, fire resistance 2, cold vulnerability 1, float, innate
caster, HP casting, extra vitality 1
a: no special abilities


You were in a bailey.
You visited 2 branches of the dungeon, and saw 8 of its levels.
You also visited: Bailey.

You collected 392 gold pieces.

Inventory:

Armour
 a - a +0 robe (worn)
 c - a +0 helmet (worn)
 o - the +3 ring mail "Ycoofasa" {rN++ Regen+ Str+2 Int-2}
   (You found it on level 4 of the Dungeon)

   Str+2:     It affects your strength (+2).
   Int-2:     It affects your intelligence (-2).
   rN++:      It greatly protects you from negative energy.
   Regen+:    It increases your rate of health regeneration.
 v - a scarf of harm
 w - a +0 cloak (worn)
Jewellery
 d - a ring of resist corrosion (left hand)
Wands
 q - a wand of digging (4)
Scrolls
 b - a scroll of vulnerability {unknown}
 f - 5 scrolls of teleportation
 i - 4 scrolls of blinking {unknown}
 l - 2 scrolls of noise {unknown}
 m - 3 scrolls of identify {unknown}
 n - 2 scrolls of fog {unknown}
 p - 3 scrolls of revelation {unknown}
 r - a scroll of fear {unknown}
 u - a scroll of enchant armour {unknown}
Potions
 e - 2 potions of haste {unknown}
 g - 2 potions of cancellation
 h - a potion of mutation {unknown}
 j - a potion of heal wounds
 k - 2 potions of lignification {unknown}
 s - a potion of enlightenment {unknown}
 t - a potion of invisibility {unknown}


   Skills:
 - Level 2.2 Dodging
 - Level 1.6 Stealth
 + Level 9.6 Spellcasting
 + Level 9.6 Conjurations
 + Level 9.6 Hexes
 + Level 9.6 Summonings
 + Level 9.6 Necromancy
 + Level 9.6 Translocations
 + Level 9.6 Fire Magic
 + Level 9.6 Ice Magic
 + Level 9.6 Air Magic
 + Level 9.6 Earth Magic
 + Level 9.6 Alchemy


You knew the following spells:

 Your Spells              Type           Power      Damage    Failure   Level
a - Shock                 Conj/Air       100%       1d9       1%          1
b - Static Discharge      Conj/Air       100%       3-8/arc   1%          2
c - Swiftness             Air            52%        N/A       1%          3
d - Airstrike             Air            26%        2d(4-20)  1%          4
e - Necrotise             Necr           100%       1d9       1%          1
f - Scorch                Fire           100%       2d9       1%          2
g - Sigil of Binding      Hex            52%        N/A       1%          3
h - Volatile Blastmotes   Fire/Tloc      100%       2d18      1%          3
Your spell library was empty.

Dungeon Overview and Level Annotations

Branches:
Dungeon (7/15)             Temple (1/1) D:7          Bailey (1/1)

Altars:
Ashenzari
Cheibriados
Dithmenos
Elyvilon
Fedhas
Gozag
Hepliaklqana
Nemelex Xobeh
Okawaru
Ru
Trog
Uskayaw
Xom
Yredelemnul
Zin
The Shining One

Shops:
D:1 :   D:2 =   D:5 =

Annotations:
D:2 1 runed translucent door, Crazy Yiuf


Innate Abilities, Weirdness & Mutations

You are immune to sickness and miasma.
You are immune to poison.
Your flesh is very heat resistant. (rF++)
You are vulnerable to cold. (rC-)
You float through the air rather than walking.
You learn spells naturally, not from books.
Your magical power is your life essence.
You have superior vitality. (+4 MHP)


Message History

The zap hits the orc warrior!
The orc warrior is severely wounded.
The zap hits the orc warrior.
The orc warrior is almost dead.
* * * LOW HITPOINT WARNING * * *
The orc warrior shoots a bolt.
The bolt misses you.
Aiming: Shock (safe; 1% risk of failure)
Press: ? - help, Q - select action, (/) - cycle Shift-Dir - straight line, f/p - orc warrior
Aim: an orc warrior, wielding a +0 arbalest and wearing a +0 ring mail (almost dead, 67% to hit)
The zap hits the orc warrior.
You kill the orc warrior!
* * * LOW HITPOINT WARNING * * *
The orc warrior shoots a bolt.
The bolt hits you!
* * * LOW HITPOINT WARNING * * *
You start resting.
An orc warrior is nearby!
An orc warrior is nearby!
The zap hits the orc warrior!
The orc warrior is moderately wounded.
The zap hits the orc warrior.
The orc warrior is heavily wounded.
The zap hits the orc warrior.
The orc warrior is heavily wounded.
The orc warrior shoots a bolt.
The bolt hits you!!
* * * LOW HITPOINT WARNING * * *
You are too injured to fight recklessly!
There are monsters nearby!
The orc shoots a bolt.
The bolt barely misses you.
The orc shoots a bolt.
The bolt hits you!
* * * LOW HITPOINT WARNING * * *
The orc shoots a bolt.
The bolt hits you.
* * * LOW HITPOINT WARNING * * *
Aiming: Shock (safe; 1% risk of failure)
Press: ? - help, Q - select action, (/) - cycle Shift-Dir - straight line, f - orc
Aim: an orc, wielding a +0 arbalest and wearing a +0 scale mail (77% to hit)
The zap hits the orc.
The orc is moderately wounded.
* * * LOW HITPOINT WARNING * * *
The orc shoots a bolt.
The bolt hits you!
You die...

####################
..................∩#
.................∩.#
...................#
...................#
~~~~~~~~≈≈≈≈≈~.....#
~~~~~~~≈≈###≈≈.....#
~~~~~~~≈##.##≈.....#
~~~~~~~~.@..#≈.....#
~~~~~~~≈#∩.##≈.....#
#~~~~~~≈##)#≈≈.....#
####~~~≈≈≈o≈≈~.....#
##~~~~~))~~.....#
##~~~~~~~~.....#
#~~~~~~~~.....#
##~~~~~~~.....#
~~~~~~~.....#


You could see an orc.

Vanquished Creatures
  Prince Ribbit (D:7)
  A hornet (D:7)
  Eustachio (D:4)
  A steam dragon (D:6)
  A sky beast (D:7)
  A black bear (D:4)
  2 orc warriors
  A phantom (D:5)
  A bullfrog (D:7)
  A gnoll sergeant (D:6)
  A scorpion (D:6)
  2 jellies
  2 orc priests
  A bombardier beetle (D:4)
  2 hounds
  3 iguanas
  3 orc wizards
  Robin (D:4)
  6 adders
  7 gnolls
  2 dart slugs
  2 ribbon worms (D:2)
  21 orcs
  2 bats (D:2)
  5 endoplasms
  A giant cockroach (D:2)
  14 goblins
  13 hobgoblins
  4 quokkas
  4 ball pythons
  A frilled lizard (D:1)
  4 kobolds
  3 rats
115 creatures vanquished.

Notes
Turn   | Place    | Note
-------+----------+-------------------------------------------
     0 | D:1      | smashvw the Djinni Air Elementalist began the quest for the
                  | Orb.
     0 | D:1      | smashvw set off with the following spells memorised: Shock,
                  | Static Discharge, Swiftness, Airstrike.
     0 | D:1      | Reached XP level 1. HP: 15/15 MP: 0/0
   198 | D:1      | Found Ohiosutzo's Vocational Training.
   452 | D:1      | Reached XP level 2. HP: 18/21 MP: 0/0
   738 | D:2      | Reached XP level 3. HP: 16/25 MP: 0/0
   738 | D:2      | Learned a level 1 spell: Necrotise
  1239 | D:2      | Found Sugen's Jewellery Shoppe.
  1270 | D:2      | Found a runed translucent door.
  1271 | D:2      | Noticed Crazy Yiuf
  1349 | D:2      | Reached XP level 4. HP: 26/31 MP: 0/0
  1626 | D:3      | Noticed an ice beast
  2045 | D:3      | Reached XP level 5. HP: 4/35 MP: 0/0
  2045 | D:3      | Learned a level 2 spell: Scorch
  2051 | D:3      | Reached skill level 5 in Spellcasting
  2051 | D:3      | Reached skill level 5 in Conjurations
  2051 | D:3      | Reached skill level 5 in Hexes
  2051 | D:3      | Reached skill level 5 in Summonings
  2051 | D:3      | Reached skill level 5 in Necromancy
  2051 | D:3      | Reached skill level 5 in Translocations
  2051 | D:3      | Reached skill level 5 in Fire Magic
  2051 | D:3      | Reached skill level 5 in Ice Magic
  2051 | D:3      | Reached skill level 5 in Air Magic
  2051 | D:3      | Reached skill level 5 in Earth Magic
  2051 | D:3      | Reached skill level 5 in Alchemy
  2341 | D:4      | Reached XP level 6. HP: 35/40 MP: 0/0
  2682 | D:4      | Identified the +3 ring mail "Ycoofasa" {rN++ Regen+ Str+2
                  | Int-2}
  2735 | D:4      | Noticed a black bear
  2740 | D:4      | Killed a black bear
  2741 | D:4      | Reached XP level 7. HP: 37/45 MP: 0/0
  2741 | D:4      | Learned a level 3 spell: Sigil of Binding
  2859 | D:4      | Noticed Eustachio
  2866 | D:4      | Killed Eustachio
  2964 | D:4      | Noticed Robin
  2974 | D:4      | Killed Robin
  3216 | D:5      | Entered Level 5 of the Dungeon
  3412 | D:5      | Found Nuatwo's Jewellery Shoppe.
  3896 | D:6      | Reached XP level 8. HP: 46/50 MP: 0/0
  5027 | D:6      | Found a basalt altar of Yredelemnul.
  5106 | D:7      | Found a staircase to the Ecumenical Temple.
  5127 | Temple   | Entered the Ecumenical Temple
  5145 | D:7      | Noticed a hornet
  5152 | D:7      | Killed a hornet
  5153 | D:7      | Reached XP level 9. HP: 39/55 MP: 0/0
  5153 | D:7      | Learned a level 3 spell: Volatile Blastmotes
  5289 | D:7      | Noticed Prince Ribbit
  5296 | D:7      | Killed Prince Ribbit
  5388 | D:7      | Found a glowing silver altar of Zin.
  5388 | D:7      | Found a bloodstained altar of Trog.
  5394 | D:7      | Found a blossoming altar of Fedhas.
  5466 | D:7      | Found a flagged portal.
  5475 | Bailey   | Entered a bailey
  5639 | Bailey   | Shot with a bolt by an orc

Illustrated notes

Levels and vault maps discovered:
D:1:      ldierk_walled_garden_2, layout_loops_ring,
          minmay_misc_feat_more_columns, kennysheep_pointless_box,
          nicolae_shop_vocational
D:2:      cheibrodos_greedy_goblins, layout_rooms, serial_shops, shop,
          st_stairs_2, uniq_crazy_yiuf_cottage
D:3:      layout_loops_cross
D:4:      layout_basic, uniq_eustachio, uniq_robin
D:5:      layout_basic, serial_shops, kennysheep_mini_moat
D:6:      layout_basic, lemuel_tele_altar, nicolae_nh_ransacked_shop
D:7:      layout_gridville, chequers_temple_overflow_minitemple,
          minmay_temple_entry_gardened_gates, enter_bailey_2,
          roderic_st_hans_cross, uniq_prince_ribbit1
Temple:   compressed_dpeg_circular_temple
Bailey:   bailey_polearm_2, bailey

Skill      XL: |  1  2  3  4  5  6  7  8  9 |
---------------+----------------------------+-----
Spellcasting   | 4 5 6 7 8 9 |  9.6
Conjurations   | 4 5 6 7 8 9 |  9.6
Hexes          | 4 5 6 7 8 9 |  9.6
Summonings     | 4 5 6 7 8 9 |  9.6
Necromancy     | 4 5 6 7 8 9 |  9.6
Translocations | 4 5 6 7 8 9 |  9.6
Fire Magic     | 4 5 6 7 8 9 |  9.6
Ice Magic      | 4 5 6 7 8 9 |  9.6
Air Magic      | 4 5 6 7 8 9 |  9.6
Earth Magic    | 4 5 6 7 8 9 |  9.6
Alchemy        | 4 5 6 7 8 9 |  9.6
Dodging        | |  2.2
Stealth        | |  1.6

Action                     |  1- 3 |  4- 6 |  7- 9 || total
---------------------------+-------+-------+-------++-------
  Melee: Unarmed           |       |       |     3 ||     3
   Cast: Shock             |    59 |    68 |   105 ||   232
         Static Discharge  |     2 |     2 |     4 ||     8
         Necrotise         |       |     5 |       ||     5
         Airstrike         |       |     1 |       ||     1
         Scorch            |       |     9 |    42 ||    51
    Use: Potion            |       |     3 |       ||     3
         Scroll            |       |     1 |       ||     1
 Armour: Robe              |     8 |    17 |    41 ||    66
  Dodge: Dodged            |     5 |     6 |    29 ||    40

Table legend: (Time is in decaauts)
 A = Elapsed time spent in this place.
 B = Non-inter-level travel time spent in this place.
 C = Inter-level travel time spent in this place.
 D = Time resting spent in this place.
 E = Time spent auto-exploring this place.
 F = Levels seen in this place.
 G = Mean time per level.
                   A        B        C        D        E       F      G
               +--------+--------+--------+--------+--------+-----+--------+
         Total |   5637 |   5471 |    166 |    560 |   4202 |   9 |  626.3 |
       Dungeon |   5472 |   5306 |    166 |    471 |   4166 |   7 |  781.7 |
        Temple |      1 |      1 |      0 |      0 |      0 |   1 |    1.0 |
        Bailey |    163 |    163 |      0 |     89 |     36 |   1 |  163.0 |
               +--------+--------+--------+--------+--------+-----+--------+

Top non-repeatable levels by time:
     D:6: 1042 daAuts
     D:4: 881 daAuts
     D:2: 828 daAuts
     D:3: 800 daAuts
     D:5: 788 daAuts
     D:1: 704 daAuts
     D:7: 427 daAuts
  Bailey: 163 daAuts
  Temple: 1 daAuts
